Map: Emerald City LE

Players

qqq

  • Race: Zerg Zerg
  • Spawn Location: 11:00

Massa

  • Race: Terran Terran
  • League: Platinum
  • Spawn Location: 11:00

Mazel - Winner!

  • Race: Zerg Zerg
  • League: Diamond
  • Spawn Location: 5:00

РобертЧортик - Winner!

  • Race: Terran Terran
  • Spawn Location: 5:00

VOD

Have the link to the VOD?

Description

Time

  • Played on: March 6, 2021, 3:27 p.m.
  • Length: 16:18
Show
View Real Time Build Order
Export as new Build Order

qqq Zerg 

Build Orders: Hatch First, Lurkers 

Get SALT Encoding   

  12  0:02  Drone  
  13  0:11  Drone  
  14  0:18  Overlord  
  14  0:47  Hatchery  
  13  0:54  Drone  
  13  0:55  Drone  
  15  0:57  Drone  
  16  1:17  Spawning Pool  
  15  1:20  Drone  
  15  1:22  Drone  
  17  1:32  Extractor  
  16  1:38  Drone x2  
  18  1:48  Drone  
  19  1:59  Drone  
  19  2:00  Drone  
  21  2:03  Queen  
  21  2:08  Queen  
  25  2:12  Drone  
  26  2:27  Overlord  
  26  2:28  Evolution Chamber  
  25  2:30  Drone  
  25  2:32  Metabolic Boost  
  26  2:37  Drone  
  26  2:39  Drone  
  28  2:49  Drone  
  29  2:51  Overlord  
  29  2:52  Drone  
  29  2:55  Drone  
  29  2:57  Drone  
  32  3:04  Overlord  
  32  3:05  Zergling x2  
  33  3:13  Zerg Melee Weapons Level 1  
  33  3:15  Zergling x2  
  33  3:16  Zergling x2  
  34  3:22  Zergling x4  
  34  3:23  Zergling x2  
  37  3:28  Zergling x2  
  37  3:31  Zergling x2  
  37  3:33  Zergling x2  
  40  3:34  Overlord  
  40  3:36  Zergling x2  
  41  3:45  Zergling x4  
  43  3:51  Lair  
  43  3:56  Zergling x4  
  43  3:57  Overlord  
  43  4:00  Zergling x2  
  43  4:01  Drone  
  48  4:02  Zergling x2  
  48  4:05  Zergling x2  
  48  4:07  Zergling x2  
  50  4:15  Zergling x4  
  52  5:04  Zergling x2  
  52  5:05  Drone, Zergling x10  
  52  5:06  Zergling x14  
  59  5:23  Zergling x8  
  57  5:40  Zergling x4  
  39  5:57  Drone x4  
  43  6:07  Spore Crawler, Hydralisk Den  
  43  6:08  Hatchery, Drone x2  
  43  6:10  Extractor, Zerg Ground Armor Level 1  
  41  6:19  Extractor, Drone  
  41  6:20  Drone, Extractor  
  41  6:28  Drone x2  
  43  6:37  Drone  
  43  6:38  Drone  
  42  6:54  Zergling x4  
  42  6:55  Zergling x2  
  42  6:59  Hydralisk x3, Zergling x4  
  52  7:08  Drone, Hydralisk  
  53  7:11  Muscular Augments  
  55  7:21  Drone x3  
  55  7:22  Drone x2  
  60  7:26  Overlord x3  
  60  7:27  Overlord  
  60  7:33  Lurker Den  
  60  7:35  Infestation Pit  
  58  7:38  Drone x3  
  58  7:39  Queen  
  63  7:49  Drone  
  63  7:50  Drone, Hydralisk x3  
  71  7:58  Hydralisk  
  71  7:59  Drone, Overlord  
  71  8:00  Drone x3  
  77  8:11  Drone x2  
  79  8:13  Hydralisk  
  79  8:18  Spore Crawler  
  80  8:22  Spine Crawler  
  80  8:23  Grooved Spines  
  79  8:30  Hatchery  
  78  8:41  Hydralisk x7  
  92  8:55  Hydralisk x5  
  92  8:57  Drone  
  103  9:05  Extractor x2  
  101  9:20  Drone, Hydralisk x2  
  101  9:23  Zerg Missile Weapons Level 1  
  106  9:27  Evolution Chamber  
  106  9:28  Hive  
  106  9:29  Drone, Overlord x2  
  106  9:30  Overlord  
  106  9:42  Hydralisk  
  108  9:51  Lurker  
  108  9:52  Lurker  
  110  9:56  Queen  
  110  9:57  Drone x2  
  110  9:58  Drone  
  115  10:01  Lurker  
  109  10:42  Hydralisk x7  
  110  10:53  Hydralisk x4  
  110  10:56  Zerg Ground Armor Level 2  
  118  11:00  Hydralisk x2  
  118  11:01  Drone x5  
  118  11:02  Ultralisk Cavern  
  126  11:21  Zerg Missile Weapons Level 2  
  126  11:23  Seismic Spines  
  126  11:33  Spore Crawler  
  126  11:35  Spore Crawler x2  
  126  11:36  Spore Crawler  
  126  11:38  Spore Crawler x2  
  126  11:39  Spore Crawler x2  
  118  11:40  Drone  
  118  11:41  Drone x7  
  118  11:42  Drone x2  
  118  11:46  Spore Crawler  
  127  12:12  Hydralisk x3  
  133  12:15  Overlord  
  133  12:16  Overlord x5  
  133  12:35  Adaptive Talons  
  133  12:36  Anabolic Synthesis  
  133  12:38  Drone x4, Hydralisk  
  133  12:40  Drone x2  
  141  12:49  Spore Crawler x2  
  141  12:50  Spore Crawler  
  138  12:56  Lurker x3  
  138  12:57  Lurker  
  142  12:59  Lurker x4  
  142  13:00  Lurker  
  144  13:09  Hydralisk x2  
  144  13:12  Drone x3  
  151  13:13  Drone x2  
  151  13:18  Chitinous Plating  
  147  13:38  Ultralisk x3  
  147  13:40  Drone  
  147  13:41  Drone x2  
  162  13:53  Hydralisk x3  
  158  14:15  Ultralisk x2  
  160  14:18  Zergling x12  
  160  14:19  Drone x7  
  160  14:20  Drone  
  160  14:22  Extractor  
  160  14:23  Extractor  
  163  14:49  Hydralisk x3  
  163  14:50  Hydralisk x7  
  163  14:58  Hydralisk x3  
  139  15:08  Spore Crawler  
  139  15:11  Hydralisk x4  
  142  15:29  Hydralisk x3, Ultralisk x2  
  142  15:31  Drone x2  
  142  15:32  Drone  
  143  15:51  Hydralisk x4  
  143  15:52  Hydralisk x4  
Show
View Real Time Build Order
Export as new Build Order

Massa Terran 

Build Orders: 2 Factory, Reaper Expand 

Get SALT Encoding   

  12  0:00  SCV  
  13  0:12  SCV  
  14  0:23  Supply Depot  
  14  0:24  SCV  
  15  0:45  SCV, Barracks  
  16  0:50  Refinery  
  16  0:57  SCV  
  17  1:09  SCV  
  18  1:21  SCV  
  19  1:34  Orbital Command  
  19  1:41  Command Center  
  19  1:44  Reaper  
  20  2:02  SCV  
  21  2:12  Supply Depot  
  21  2:14  Factory  
  21  2:16  Marine  
  21  2:20  SCV  
  23  2:25  Refinery  
  23  2:33  SCV  
  24  2:46  SCV, Barracks Tech Lab  
  25  2:58  SCV, Supply Depot  
  26  3:02  Orbital Command  
  26  3:06  Factory  
  26  3:10  SCV  
  26  3:12  Barracks Tech Lab  
  27  3:20  Refinery  
  27  3:22  SCV  
  27  3:26  Engineering Bay  
  28  3:27  Supply Depot  
  28  3:31  SCV  
  29  3:34  SCV  
  29  3:36  Cyclone  
  33  3:42  Mag-Field Accelerator  
  33  3:54  SCV  
  34  3:57  Cyclone  
  37  4:03  SCV  
  37  4:05  Refinery  
  37  4:06  SCV  
  37  4:08  Cyclone  
  42  4:15  SCV  
  43  4:18  SCV  
  43  4:20  Missile Turret  
  44  4:27  SCV  
  44  4:28  Barracks Tech Lab  
  44  4:29  Cyclone  
  44  4:30  SCV  
  49  4:35  Missile Turret  
  48  4:40  Cyclone  
  49  4:56  Terran Infantry Weapons Level 1  
  49  4:58  Missile Turret  
  49  5:01  Cyclone  
  52  5:15  Cyclone  
  55  5:23  SCV x2  
  57  5:35  SCV x2  
  52  5:53  Cyclone x2  
  51  6:11  Stimpack  
  51  6:16  SCV x2  
  53  6:25  Cyclone, Barracks x2, Siege Tank  
  59  6:26  Barracks  
  59  6:27  Barracks  
  59  6:28  SCV x2  
  61  6:36  Marine  
  62  6:45  Starport  
  62  6:50  Terran Infantry Armor Level 1  
  62  7:38  Command Center  
  62  7:41  Barracks Reactor, Barracks Tech Lab  
  62  7:42  Barracks Reactor, Barracks Tech Lab, Starport Reactor  
  62  7:47  Armory  
  62  7:49  Engineering Bay  
  62  7:51  Command Center  
  62  8:07  Supply Depot  
  62  8:09  Supply Depot x2  
  62  8:23  SCV, Marauder  
  62  8:28  SCV, Marine, Siege Tank  
  62  8:29  Marauder  
  62  8:30  Siege Tank  
  69  8:35  SCV  
  69  8:41  SCV  
  68  8:44  Marine  
  68  8:46  Marine x2  
  68  8:47  SCV, Marine x3  
  75  8:50  Marauder  
  75  8:52  Medivac x2  
  75  8:53  SCV  
  82  9:01  SCV, Siege Tank  
  88  9:03  Marauder, Siege Tank  
  88  9:04  Marine x3  
  88  9:05  SCV, Marine  
  96  9:13  SCV  
  96  9:14  Planetary Fortress  
  96  9:17  SCV x2  
  98  9:21  Medivac  
  101  9:25  SCV  
  101  9:26  Medivac  
  101  9:29  Terran Infantry Weapons Level 2  
  104  9:32  Terran Infantry Armor Level 2  
  104  9:51  Medivac  
  106  9:58  Combat Shield  
  106  10:01  Terran Vehicle And Ship Armor Level 1  
  100  10:33  Marauder x3, Marine x4  
  100  10:34  Siege Tank x2  
  113  10:51  Marine x3  
  116  11:02  Supply Depot  
  116  11:04  Supply Depot  
  116  11:05  Supply Depot  
  116  11:16  Marine  
  116  11:18  Marauder  
  115  11:19  Marauder  
  115  11:20  Medivac  
  115  11:21  Marauder  
  115  11:22  Medivac  
  115  11:24  Planetary Fortress, Siege Tank  
  116  11:25  Supply Depot  
  116  11:26  SCV x3  
  116  11:27  Supply Depot  
  116  11:29  Supply Depot  
  115  11:35  Missile Turret  
  115  11:37  Missile Turret  
  115  11:38  SCV x2  
  117  11:40  Refinery  
  117  11:41  Refinery  
  117  11:44  Marauder  
  117  11:45  Marauder x2, Marine x4  
  127  11:50  Medivac, Supply Depot  
  127  11:52  Supply Depot  
  129  11:55  Supply Depot  
  121  12:03  Marine x2  
  121  12:13  Missile Turret  
  121  12:16  Missile Turret  
  121  12:17  Missile Turret x2  
  121  12:27  Marine  
  121  12:28  Marine x6  
  125  12:39  Missile Turret  
  125  12:40  Missile Turret x2  
  125  12:41  SCV x4  
  125  12:43  Missile Turret  
  129  12:45  Marine  
  129  12:46  Refinery, Marine x2  
  132  12:53  SCV, Thor x2  
  132  12:55  Marauder x3, Marine  
  132  12:58  Barracks  
  152  13:02  Missile Turret  
  152  13:03  Marine  
  153  13:06  Barracks  
  153  13:08  Barracks  
  153  13:16  Marauder x2  
  157  13:28  Medivac x2  
  161  13:36  Thor x2  
  163  13:48  SCV x4  
  166  13:54  Refinery  
  167  14:00  SCV x4  
  167  14:01  Command Center  
  171  14:12  SCV x3  
  171  14:19  Thor x2  
  176  14:39  Missile Turret x2  
  176  14:50  Supply Depot  
  176  14:51  Supply Depot  
  139  15:09  Viking x2  
  141  15:14  Supply Depot  
  141  15:16  Supply Depot  
  104  15:29  Barracks Reactor x2, Barracks Tech Lab  
  104  15:30  Marine x5  
  104  15:31  Marauder x2  
  104  15:32  Thor x2  
  110  15:39  Viking x2  
  110  15:40  Supply Depot x2  
  110  15:41  Missile Turret  
  110  15:42  Missile Turret  
  101  15:47  Marine  
  101  15:48  Marine x2  
  101  15:49  Marauder  
  91  15:59  SCV  
  91  16:00  SCV x3  
Show
View Real Time Build Order
Export as new Build Order

Mazel Zerg - Winner!

Build Orders: Hatch First 

Get SALT Encoding   

  12  0:08  Drone x2  
  14  0:17  Overlord  
  14  0:35  Drone x2  
  16  0:52  Hatchery  
  16  0:54  Drone  
  16  0:57  Drone  
  16  1:02  Extractor  
  16  1:05  Drone  
  17  1:13  Drone  
  18  1:23  Spawning Pool  
  17  1:26  Drone  
  18  1:36  Drone  
  19  1:48  Drone  
  20  1:55  Overlord  
  20  2:06  Drone  
  20  2:07  Drone  
  22  2:11  Metabolic Boost  
  22  2:12  Queen  
  24  2:16  Zergling x2  
  24  2:18  Drone  
  26  2:25  Queen  
  28  2:31  Drone x2  
  30  2:38  Drone  
  31  2:53  Hatchery  
  31  2:56  Drone x2  
  32  3:03  Baneling Nest  
  32  3:05  Drone  
  32  3:06  Drone  
  32  3:08  Drone  
  34  3:13  Pneumatized Carapace  
  34  3:17  Drone  
  35  3:22  Drone  
  36  3:28  Overlord  
  36  3:39  Overlord  
  36  3:40  Evolution Chamber  
  35  3:45  Drone  
  35  3:46  Drone x2  
  35  3:48  Drone x2  
  40  3:59  Drone x4, Evolution Chamber  
  43  4:07  Overlord  
  43  4:12  Lair  
  43  4:13  Drone x2  
  43  4:14  Spore Crawler  
  43  4:16  Spore Crawler  
  43  4:20  Drone x4  
  47  4:29  Zerg Melee Weapons Level 1  
  47  4:32  Drone x4  
  47  4:33  Extractor  
  50  4:41  Zergling x6  
  50  4:44  Zergling x2  
  52  4:46  Zergling x6  
  52  4:47  Zergling x4  
  56  4:53  Spine Crawler  
  56  4:54  Drone  
  56  4:58  Zergling x2  
  56  4:59  Zergling x2  
  57  5:17  Drone  
  57  5:19  Zerg Ground Armor Level 1  
  57  5:24  Zergling x2  
  57  5:25  Zergling x2  
  57  5:26  Baneling x4  
  55  5:29  Baneling  
  55  5:31  Zergling x4  
  55  5:32  Zergling x2, Overlord  
  58  5:41  Zergling x2  
  55  5:46  Zergling x2  
  55  5:48  Zergling x2  
  56  5:50  Zergling x2  
  56  5:55  Zergling x4  
  58  5:57  Queen  
  58  6:01  Spine Crawler  
  58  6:02  Extractor  
  58  6:05  Drone x2, Centrifical Hooks  
  58  6:07  Extractor  
  58  6:09  Drone x2  
  58  6:10  Extractor, Drone x2  
  61  6:11  Drone x2  
  61  6:13  Drone x2  
  61  6:16  Overseer  
  61  6:17  Extractor  
  64  6:21  Drone  
  65  6:46  Zergling x2  
  66  6:51  Zergling x2  
  63  6:55  Zergling x2  
  63  6:56  Zergling x2  
  63  6:57  Overlord  
  63  6:58  Zergling x2  
  62  7:03  Drone x2  
  62  7:04  Drone  
  62  7:06  Overlord x2  
  62  7:07  Overlord  
  65  7:17  Zerg Ground Armor Level 2  
  65  7:18  Zerg Melee Weapons Level 2, Infestation Pit  
  65  7:20  Zergling x6  
  65  7:21  Zergling x2  
  68  7:24  Zergling x2  
  68  7:25  Zergling x6  
  68  7:26  Zergling x2  
  73  7:33  Overlord  
  73  7:39  Drone x3  
  73  7:42  Spire  
  75  7:46  Zergling x2  
  76  8:00  Baneling x6  
  76  8:01  Zergling x4  
  76  8:02  Zergling x2  
  76  8:03  Baneling x5  
  76  8:04  Drone x7  
  76  8:05  Drone  
  87  8:10  Overlord  
  87  8:18  Zergling x2  
  88  8:22  Zergling x2  
  88  8:24  Zergling x4  
  91  8:29  Hatchery  
  91  8:33  Overlord  
  91  8:34  Overlord  
  89  8:47  Overlord  
  87  8:55  Hatchery  
  87  9:01  Drone  
  87  9:02  Drone x2  
  89  9:03  Drone x4  
  89  9:04  Drone x2  
  95  9:12  Overlord  
  95  9:16  Extractor  
  94  9:18  Zerg Flyer Weapons Level 1  
  94  9:19  Extractor  
  94  9:21  Drone  
  94  9:22  Drone x3  
  97  9:44  Drone  
  97  9:45  Drone x3  
  97  9:57  Drone x3  
  97  9:58  Overlord  
  97  9:59  Overlord  
  100  10:03  Zergling x2  
  101  10:08  Zergling x4  
  101  10:14  Mutalisk x5, Queen  
  112  10:22  Zergling x8  
  112  10:27  Drone x4  
  120  10:28  Queen  
  120  10:32  Mutalisk  
  120  10:35  Mutalisk  
  110  10:49  Infestation Pit  
  109  10:54  Mutalisk x4  
  109  10:55  Mutalisk x7  
  131  11:04  Hatchery  
  131  11:05  Overlord  
  131  11:06  Overlord  
  130  11:11  Mutalisk x3  
  130  11:14  Mutalisk x2  
  130  11:15  Drone  
  130  11:16  Drone x4, Queen  
  130  11:18  Mutalisk  
  132  11:19  Mutalisk  
  132  11:20  Queen  
  136  11:28  Drone  
  136  11:29  Drone x2  
  134  11:58  Mutalisk x2  
  134  11:59  Mutalisk x6  
  146  12:16  Mutalisk  
  146  12:17  Mutalisk x2  
  152  12:23  Mutalisk x2  
  152  12:25  Zergling x8  
  152  12:26  Mutalisk, Zergling x2  
  152  12:27  Mutalisk x5  
  171  12:32  Hive  
  169  12:37  Drone  
  169  12:38  Drone x6  
  176  12:45  Zerg Flyer Weapons Level 2  
  176  13:04  Drone x2  
  176  13:05  Zergling x6  
  179  13:06  Extractor, Mutalisk  
  179  13:07  Overlord  
  179  13:08  Overlord x2  
  179  13:09  Overlord  
  179  13:10  Extractor  
  181  13:13  Baneling x3  
  181  13:14  Baneling x2  
  181  13:28  Mutalisk x3  
  181  13:29  Zergling x2  
  181  13:31  Overseer x2  
  181  13:34  Mutalisk, Zergling x2  
  188  13:38  Drone, Mutalisk x2  
  188  13:39  Mutalisk x2  
  197  13:43  Mutalisk  
  199  13:57  Overseer, Overlord  
  199  13:58  Overlord x2  
  199  14:07  Baneling  
  199  14:08  Baneling x10  
  197  14:19  Zergling x4  
  199  14:26  Mutalisk x2  
  195  14:41  Drone, Overlord  
  196  14:48  Zergling x6  
  199  14:54  Zergling x4  
  189  15:01  Zergling x4  
  189  15:02  Zergling x2  
  189  15:03  Zergling x2  
  189  15:04  Zergling x2  
  189  15:05  Zergling x10  
  189  15:06  Zergling x38  
  177  15:09  Zergling x2  
  156  15:17  Queen  
  158  15:24  Zergling x6  
  158  15:25  Zergling x8  
  158  15:26  Mutalisk  
  164  15:30  Zergling x2  
  164  15:33  Mutalisk x2, Zergling x2  
  164  15:34  Mutalisk  
  172  15:37  Extractor, Baneling  
  172  15:38  Hatchery, Baneling x22  
  172  15:41  Mutalisk x3  
  174  15:49  Mutalisk  
Show
View Real Time Build Order
Export as new Build Order

РобертЧортик Terran - Winner!

Build Orders: Gas First Reaper Expand 

Get SALT Encoding   

  12  0:00  SCV  
  13  0:12  SCV  
  14  0:18  Supply Depot  
  14  0:24  SCV  
  14  0:27  Refinery  
  15  0:40  SCV  
  16  0:44  Barracks  
  16  0:52  SCV  
  17  1:04  SCV  
  18  1:16  SCV  
  19  1:31  Orbital Command, Reaper  
  20  1:51  Command Center  
  20  1:57  SCV  
  21  2:04  Factory  
  21  2:06  Barracks Reactor  
  21  2:09  SCV  
  21  2:13  Refinery  
  22  2:21  SCV  
  23  2:24  Supply Depot  
  23  2:46  SCV  
  23  2:49  Starport  
  24  2:55  Hellion x2  
  24  2:58  SCV  
  29  3:03  Orbital Command  
  29  3:14  SCV  
  29  3:17  Hellion x2  
  34  3:26  Medivac  
  36  3:27  SCV  
  36  3:29  SCV  
  38  3:39  SCV, Supply Depot  
  38  3:41  SCV  
  40  3:51  Factory Tech Lab, SCV  
  40  3:53  SCV  
  42  4:03  Starport Tech Lab, SCV  
  42  4:05  Marine x2, Command Center  
  42  4:08  SCV  
  46  4:15  Cyclone, SCV  
  50  4:20  SCV  
  50  4:22  Raven  
  53  4:25  Marine  
  54  4:38  Marine  
  54  4:59  SCV  
  58  5:00  Refinery, SCV, Siege Tank  
  57  5:08  Marine x2  
  57  5:09  Refinery, Raven  
  57  5:11  SCV  
  57  5:13  Supply Depot x2  
  62  5:15  Command Center  
  62  5:18  SCV, Engineering Bay  
  63  5:23  SCV  
  58  5:29  Marine x2  
  58  5:30  SCV  
  57  5:52  Marine x2  
  57  5:53  Siege Tank  
  60  5:57  SCV x2  
  62  6:04  Starport  
  62  6:06  Starport  
  62  6:09  SCV x2  
  62  6:10  Marine  
  65  6:12  Marine  
  66  6:20  Missile Turret  
  66  6:21  SCV x2, Missile Turret  
  66  6:23  Missile Turret  
  68  6:27  Marine  
  69  6:33  SCV x2  
  71  6:42  Marine, Siege Tank  
  71  6:45  Marine  
  76  6:48  SCV x2  
  79  7:00  SCV x2, Marine  
  81  7:04  Starport Tech Lab  
  81  7:05  Starport Tech Lab  
  81  7:07  Fusion Core  
  81  7:09  Refinery  
  81  7:10  Refinery  
  81  7:17  Siege Tank  
  83  7:33  Orbital Command  
  83  7:34  SCV  
  83  7:35  SCV  
  85  7:40  Missile Turret  
  85  7:47  SCV x2  
  85  7:49  Command Center, Siege Tank  
  90  7:54  Command Center  
  90  7:55  Refinery  
  90  7:58  Refinery  
  90  7:59  SCV x2  
  90  8:00  SCV  
  93  8:11  Refinery, SCV x2  
  93  8:12  SCV, Weapon Refit, Supply Depot  
  96  8:14  Refinery  
  96  8:15  Supply Depot x2  
  96  8:21  Siege Tank  
  96  8:23  SCV x2  
  101  8:33  SCV  
  101  8:34  Battlecruiser  
  108  8:35  SCV  
  108  8:36  SCV  
  110  8:44  Battlecruiser  
  110  8:45  SCV  
  117  8:53  Siege Tank, Supply Depot x2  
  117  8:54  Supply Depot  
  120  9:09  Battlecruiser  
  126  9:13  Starport  
  126  9:15  Starport  
  126  9:17  Missile Turret  
  126  9:19  Missile Turret  
  126  9:21  SCV  
  126  9:22  SCV x2  
  126  9:24  Planetary Fortress  
  129  9:25  Siege Tank  
  132  9:33  Refinery, SCV  
  132  9:35  SCV x2  
  132  9:36  Refinery  
  135  9:46  SCV, Armory x2  
  135  9:47  SCV x2  
  135  9:49  Battlecruiser  
  135  9:51  Starport Tech Lab x2  
  144  9:56  Planetary Fortress  
  144  9:58  SCV  
  144  10:03  SCV  
  144  10:05  Battlecruiser  
  151  10:16  Battlecruiser  
  157  10:28  Battlecruiser, Supply Depot  
  157  10:29  Supply Depot  
  157  10:34  Terran Ship Weapons Level 1  
  163  10:36  Terran Vehicle And Ship Armor Level 1  
  163  10:44  Missile Turret  
  163  10:45  Missile Turret  
  163  10:50  Missile Turret, Battlecruiser  
  163  10:52  Missile Turret  
  169  10:58  Command Center  
  169  11:15  Command Center  
  169  11:23  Battlecruiser x2  
  181  11:32  Battlecruiser  
  187  11:38  Battlecruiser  
  193  11:52  Neosteel Armor  
  193  11:55  Battlecruiser  
  199  12:10  Planetary Fortress  
  199  12:19  Starport  
  199  12:20  Starport  
  199  12:21  Starport  
  199  12:27  Orbital Command  
  199  12:28  Refinery  
  199  12:30  Refinery  
  199  12:45  Terran Vehicle And Ship Armor Level 2  
  199  12:46  Terran Ship Weapons Level 2  
  199  13:04  Battlecruiser x2  
  196  13:10  Starport Tech Lab x3, Command Center  
  195  13:13  Command Center  
  195  13:15  Command Center  
  195  13:32  Hi-Sec Auto Tracking  
  175  15:01  Battlecruiser  
  175  15:02  Battlecruiser x3  
  175  15:03  Command Center  
  199  15:18  Orbital Command  
  197  15:26  Orbital Command  
  190  15:36  Refinery  
  189  15:47  SCV  
  189  15:48  SCV x6  
  198  15:59  SCV  
  198  16:00  SCV x2  
Tags
 
Add a new tag
Caveats
  • Supply blocks, unpowered buildings, or Contaminate may cause inaccurate times.
  • Supply counts are checked every 10 seconds.